 Dungeon Crawl Stone Soup version 0.29.1-15-g9cfb28693d (webtiles) character file.

Game seed: 15459498307489749206

70 nickaroo1289 the Chopper (level 4, -5/41 HPs)
             Began as a Hill Orc Monk on Mar 15, 2023.
             Killed by divine providence
             ... invoked by an orc priest
              (11 damage)
             ... on level 3 of the Dungeon.
             The game lasted 00:11:58 (2436 turns).

nickaroo1289 the Chopper (Hill Orc Monk)            Turns: 2436, Time: 00:11:58

Health: -5/41      AC:  5    Str: 15    XL:     4   Next: 21%
Magic:  4/4        EV: 13    Int: 16    God:
Gold:   11         SH:  5    Dex: 19    Spells: 3/3 levels left

rFire   . . .      SeeInvis .   a - +0 hand axe
rCold   . . .      Faith    .   (no shield)
rNeg    . . .      Spirit   .   r - +3 robe of Clouds {*Thunder rCloud rElec}
rPois   .          Reflect  +   (no helmet)
rElec   +          Harm     .   (no cloak)
rCorr   .          Rampage  .   (no gloves)
Will    .....                   (no boots)
Stlth   ++........              p - amulet of reflection
HPRegen 0.13/turn               d - +6 ring of intelligence
MPRegen 0.09/turn               l - +6 ring of dexterity

@: no status effects
A: no striking features
a: Convert to Beogh


You were on level 3 of the Dungeon.
You visited 1 branch of the dungeon, and saw 3 of its levels.

You collected 79 gold pieces.
You spent 68 gold pieces at shops.

Inventory:

Hand Weapons
 a - a +0 hand axe (weapon)
Missiles
 u - 4 boomerangs (quivered)
Armour
 b - a +0 robe
 o - a +0 ring mail
 r - the +3 robe of Clouds (worn) {*Thunder rCloud rElec}
   (You found it on level 2 of the Dungeon)

   It occasionally creates storm clouds above nearby enemies.
   It grants its wearer immunity to clouds.
   rElec:     It insulates you from electricity.
Jewellery
 d - a +6 ring of intelligence (left hand)
 l - a +6 ring of dexterity (right hand)
 p - an amulet of reflection (around neck)
 s - a ring of see invisible
Scrolls
 f - 2 scrolls of blinking
 k - a scroll of teleportation
 m - a scroll of magic mapping
 n - a scroll of amnesia {unknown}
 q - a scroll of identify
Potions
 c - a potion of ambrosia
 e - a potion of degeneration {unknown}
 g - 2 potions of heal wounds
 h - a potion of resistance
 i - a potion of brilliance
 j - a potion of curing
 t - a potion of might {unknown}


   Skills:
 + Level 4.3 Fighting
 * Level 5.3 Axes
 + Level 0.4 Armour
 + Level 2.8 Dodging
 - Level 1.5 Stealth


You had 3 spell levels left.
You didn't know any spells.
Your spell library contained the following spells:

 Spells                   Type           Power      Damage    Failure   Level
 Sublimation of Blood     Necr           0%         N/A       36%         2
 Gell's Gravitas          Tloc           0%         N/A       58%         3
 Ignite Poison            Fire/Tmut/Pois 0%         N/A       58%         3
 Lesser Beckoning         Tloc           0%         N/A       58%         3
 Mephitic Cloud           Conj/Pois/Air  0%         N/A       58%         3
 Teleport Other           Tloc           0%         N/A       58%         3
 Petrify                  Tmut/Erth      0%         N/A       94%         4
 Freezing Cloud           Conj/Ice/Air   0%         6-21      100%        5
 Irradiate                Conj/Tmut      0%         3d11      100%        5


Dungeon Overview and Level Annotations

Branches:
Dungeon (3/15)

Altars:

Shops:
D:2 [


Message History

The orc misses you.
The orc priest calls down the wrath of Beogh upon you.
Pain shoots through your body!
You closely miss the orc.
The orc is heavily wounded.
You hit the orc.
The orc priest threatens, "By the altar or by the axe, you will meet Beogh!"
You hit the orc priest but do no damage.
The orc misses you. x2
The orc priest hits you but does no damage.
You barely miss the orc.
The orc is severely wounded.
You hit the orc. You barely miss the orc priest.
The orc priest shouts, "Join the one true god or die!"
The orc closely misses you. The orc barely misses you.
The orc priest barely misses you.
You hit the orc.
The orc is severely wounded.
You hit the orc priest but do no damage.
You hit the orc but do no damage.
Storm clouds gather above the orc priest.
Storm clouds gather above the orc.
The orc is struck by lightning.
You kill the orc!
The orc priest hits you but does no damage.
The orc hits you but does no damage.
The orc priest is struck by lightning.
The orc priest mumbles some strange prayers to Beogh against you.
Pain shoots through your body!
* * * LOW HITPOINT WARNING * * *
Things that are here:
a +0 hand axe; an orc corpse The orc priest attacks as you move away!
The orc priest shouts, "Join the one true god or die!"
The orc priest hits you with a +0 flail.
* * * LOW HITPOINT WARNING * * *
Storm clouds gather above the goblin.
The goblin is struck by lightning.
You kill the goblin!
The orc priest calls down the wrath of Beogh upon you.
Beogh smites you!
You die...

.g.#o #.# #.#. #.#
...# #.# #.. #.##
##..##..# #.....#)#
## ##.#..)o.######
..###...#..§#§o....##
#.#.......#..@.......
#.#....####...####...
#.#..#####..#.# ..
#...........#..#
#...#######>##...
#..## #.# #..# #...#
#.. .... #.#.# #...
.##. ####.#.# ...##


You could see an orc priest and an orc.

Vanquished Creatures
  4 adders
  3 orcs (D:3)
  An endoplasm (D:1)
  A giant cockroach (D:1)
  4 goblins
  4 hobgoblins
  6 ball pythons
  5 bats
  2 frilled lizards (D:1)
  4 kobolds
  A rat (D:3)
35 creatures vanquished.

Notes
Turn   | Place    | Note
-------+----------+-------------------------------------------
     0 | D:1      | nickaroo1289 the Hill Orc Monk began the quest for the Orb.
     0 | D:1      | Reached XP level 1. HP: 19/19 MP: 1/1
   206 | D:1      | Found a faded altar of an unknown god.
   677 | D:1      | Reached XP level 2. HP: 27/27 MP: 2/2
  1045 | D:2      | Found the +3 robe of Clouds {*Thunder rCloud rElec}
  1333 | D:2      | Reached XP level 3. HP: 9/33 MP: 3/3
  1639 | D:2      | Found Vothuafo's Antique Armour Shoppe.
  1661 | D:2      | Bought a ring mail for 68 gold pieces
  1912 | D:2      | Reached skill level 5 in Axes
  2336 | D:3      | Reached XP level 4. HP: 36/41 MP: 4/4
  2436 | D:3      | Killed from afar by an orc priest

Illustrated notes

Levels and vault maps discovered:
D:1:      roderic_crossed_star, layout_loops_cross, basic_ecumenical_altar,
          chequers_serial_rivers_marsh
D:2:      layout_basic, serial_shops, nicolae_shop_waterfront
D:3:      minmay_wonky_spiral, layout_rooms, gammafunk_temple_overflow_elements,
          minmay_misc_feat_room, st_stairs_2, grunt_ministairs_9

Skill      XL: |  1  2  3 |
---------------+----------+-----
Fighting       | 4 |  4.3
Axes           | 5 |  5.3
Armour         | |  0.4
Dodging        | |  2.8
Stealth        | |  1.5

Action                   |  1- 3 |  4- 6 || total
-------------------------+-------+-------++-------
Melee: Hand axe          |    93 |    17 ||   110
  Use: Scroll            |     8 |       ||     8
 Stab: Sleeping          |     1 |       ||     1
Armor: Robe              |    19 |     8 ||    27
       Ring mail         |     3 |       ||     3
Dodge: Dodged            |    78 |    11 ||    89
Block: Other             |     6 |     4 ||    10
